Map: Ultralove

Players

ManlyManMeat - Winner!

  • Race: Zerg Zerg
  • League: Diamond
  • Spawn Location: 1:00

Julienski

  • Race: Protoss Protoss
  • League: Platinum
  • Spawn Location: 7:00

VOD

Have the link to the VOD?

Description

Time

  • Played on: July 1, 2025, 11:01 a.m.
  • Length: 4:13
Show
View Real Time Build Order
Export as new Build Order

ManlyManMeat Zerg - Winner!

Build Orders: Hatch First 

Get SALT Encoding   

  12  0:00  Drone  
  13  0:08  Drone  
  14  0:14  Extractor  
  14  0:16  Drone  
  15  0:35  Overlord  
  15  0:43  Hatchery  
  14  0:55  Drone x3  
  17  1:09  Extractor  
  17  1:10  Spawning Pool  
  15  1:14  Drone  
  15  1:17  Drone  
  17  1:27  Drone  
  18  1:41  Drone  
  19  1:50  Drone  
  20  1:57  Queen  
  20  1:58  Queen  
  24  2:01  Zergling x4  
  26  2:15  Overlord  
  26  2:25  Drone x2  
  26  2:26  Overlord  
  28  2:43  Metabolic Boost  
  28  2:44  Drone x4  
  32  2:52  Drone  
  32  2:57  Zergling x2  
  34  3:06  Zergling x4  
  34  3:10  Hatchery  
  34  3:11  Zergling x8  
  39  3:18  Zergling x6  
  39  3:19  Zergling x2  
  43  3:44  Overlord  
  43  3:45  Overlord x3  
  43  3:50  Drone  
  43  3:51  Drone, Extractor  
Show
View Real Time Build Order
Export as new Build Order

Julienski Protoss 

Build Orders:  

Get SALT Encoding   

Tags
 
Matchup
PvZ
Replay Pack
Myownreplay2
Spawn Locations
Cross Positions
Add a new tag
Caveats
  • Supply blocks, unpowered buildings, or Contaminate may cause inaccurate times.
  • Supply counts are checked every 10 seconds.